 Dungeon Sprint DCSS version 0.31-a0-370-g25055926c8 (webtiles) character file.

Game seed: 13325349037379150472

9 Conn the Firebug (level 2, -9/17 HPs)
             Began as an Octopode Fire Elementalist on July 29, 2023.
             Killed from afar by an oklob sapling (26 damage)
             ... with a splash of acid
             ... in the Dungeon (Sprint IV: "Fedhas' Mad Dash").
             The game lasted 00:01:00 (113 turns).

Conn the Firebug (Octopode Fire Elementalist)        Turns: 113, Time: 00:01:00

Health: -9/17      AC:  1    Str:  7    XL:     2   Next: 16%
Magic:  5/5        EV: 13    Int: 17    God:
Gold:   10         SH:  0    Dex: 12    Spells: 3/6 levels left

rFire   . . .        (no weapon)
rCold   . . .        (no shield)
rNeg    . . .        (helmet restricted)
rPois   .            (no amulet)
rElec   .            (no ring)
rCorr   .            (no ring)
SInv    .            (no ring)
Will    .....        (no ring)
Stlth   +++          (no ring)
HPRegen 0.22/turn    (no ring)
MPRegen 0.09/turn    (no ring)
                     (no ring)

%: no teleportation
@: no status effects
A: almost no armour, amphibious, 8 rings, camouflage 1, gelatinous body 1,
(nimble swimmer 1), tentacles
a: no special abilities


You were in the Dungeon.
You visited 1 branch You collected 10 gold pieces.

Inventory:

Scrolls
 f - a scroll of blinking
Potions
 a - 3 potions of magic
 b - a potion of curing
 c - a potion of heal wounds
 d - a potion of haste


   Skills:
 + Level 2.4 Dodging
 + Level 3.4 Stealth
 * Level 2.5 Spellcasting
 * Level 1.1 Conjurations
 + Level 4.2 Fire Magic


You had 3 spell levels left.
You knew the following spells:

 Your Spells              Type           Power      Damage    Failure   Level
a - Foxfire               Conj/Fire      44%        2x1d6     6%          1
b - Scorch                Fire           32%        2d6       4%          2

Your spell library contained the following spells:

 Spells                   Type           Power      Damage    Failure   Level
 Inner Flame              Hex/Fire       9%         N/A       22%         3
 Volatile Blastmotes      Fire/Tloc      18%        2d11      22%         3
 Flame Wave               Conj/Fire      11%        2d6       52%         4


Dungeon Overview and Level Annotations

Branches:
Dungeon (1/1)

Altars:


Innate Abilities, Weirdness & Mutations

You cannot wear most types of armour.
You are amphibious.
You can wear up to eight rings at the same time.
Your skin changes colour to match your surroundings (Stealth+).
Your rubbery body absorbs attacks. (AC +1, EV +1)
((You are camouflaged when in or above water. (Stealth+)))
You have tentacles for arms and can constrict up to eight enemies at once.


Message History

You constrict the river rat. The river rat bites you!
Ouch! That really hurt!
Unknown command.
A red film seems to cover your vision as you go berserk!
You feel yourself moving faster!
You feel mighty!
You constrict the river rat. The river rat closely misses you.
You bludgeon the river rat!
You kill the river rat!
Your Stealth skill increases to level 3!
Your Fire Magic skill increases to level 4!
You have reached level 2!
Unknown command.
There is an open door here.
You feel a strong urge to attack something.
You now have 10 gold pieces.
You start resting.
You feel your anger nearly subside.
You are no longer berserk.
You are exhausted.
You feel yourself slow down.
You start resting.
HP restored.
You start resting.
You feel yourself speed up.
Unknown command.
You start waiting.
You recover from your berserk rage.
Sorry, you're not good enough to have a special ability.
Casting: Foxfire (safe; 6% risk of failure)
Confirm with . or Enter, or press ? or * to list all spells.
Okay, then.
Unknown command.
Memorise Scorch, consuming 2 spell levels and leaving 3?
You start memorising the spell.
You continue memorising. x2
You finish memorising.
Spell assigned to 'b'.
As you open the door, it creaks loudly!
An oklob sapling comes into view.
The oklob sapling spits acid at you. The splash of acid hits you!!
Ouch! That really hurt!
You die...

############ #####
#<...#.....#.$$$$#
#P...'....@'.#
#P...#.....#P#
############ #


You could see an oklob sapling.

Vanquished Creatures
  A river rat (D)
  A rat (D)
2 creatures vanquished.

Vanquished Creatures (collateral kills)
  A foxfire (D)
1 creature vanquished.

Vanquished Creatures (others)
  10 foxfires (D)
10 creatures vanquished.

Grand Total: 13 creatures vanquished

Notes
Turn   | Place    | Note
-------+----------+-------------------------------------------
     0 | D        | Conn the Octopode Fire Elementalist began the quest for the
                  | Orb.
     0 | D        | Reached XP level 1. HP: 11/11 MP: 3/3
    61 | D        | Reached skill level 4 in Fire Magic
    61 | D        | Reached XP level 2. HP: 10/17 MP: 0/5
   113 | D        | Learned a level 2 spell: Scorch
   113 | D        | Noticed an oklob sapling
   113 | D        | Killed from afar by an oklob sapling

Illustrated notes

Levels and vault maps discovered:
D:        dungeon_sprint_fedhas [sprint_temple]

Skill      XL: |  1 |
---------------+----+-----
Stealth        | 3 |  3.4
Fire Magic     | 4 |  4.2
Dodging        | |  2.4
Spellcasting   | |  2.5
Conjurations   | |  1.1

Action                     || total
---------------------------++-------
  Melee: Unarmed           ||     9
         Constrict         ||     6
         Tentacles         ||     1
   Cast: Foxfire           ||     6
    Use: Potion            ||     1
  Dodge: Dodged            ||     4

Table legend: (Time is in decaauts)
 A = Elapsed time spent in this place.
 B = Non-inter-level travel time spent in this place.
 C = Inter-level travel time spent in this place.
 D = Time resting spent in this place.
 E = Time spent auto-exploring this place.
 F = Levels seen in this place.
 G = Mean time per level.
                   A        B        C        D        E       F      G
               +--------+--------+--------+--------+--------+-----+--------+
         Total |    125 |    125 |      0 |     87 |      0 |   1 |  125.0 |
       Dungeon |    125 |    125 |      0 |     87 |      0 |   1 |  125.0 |
               +--------+--------+--------+--------+--------+-----+--------+

Top non-repeatable levels by time:
       D: 125 daAuts
